[Event "Early-Titled-Tuesday-Blitz-February-20-2024"]
[Site "Chess.com"]
[Date "2024.02.20"]
[Round "6"]
[White "OparinGrigoriy"]
[Black "Bauman_Guy"]
[Result "1/2-1/2"]
[WhiteElo "3015"]
[BlackElo "2923"]
[TimeControl "180+1"]
[EndTime "9:09:54 PST"]
[Termination "Game drawn by agreement"]

1. c4 e5 2. Nc3 Nf6 3. e3 g6 4. Nf3 Nc6 5. d4 exd4 6. exd4 d6 7. h3 Bg7 8. Bd3 O-O 9. O-O Ne7 10. Re1 Bf5 11. Bg5 h6 12. Bf4 Qd7 13. Bf1 g5 14. Bh2 Rae8 15. Qd2 Bg6 16. a4 Nf5 17. a5 g4 18.
hxg4 Nxg4 19. Nd5 Nxh2 20. Kxh2 Qd8 21. Qf4 c6 22. Nc3 c5 23. dxc5 dxc5 24. Nd5 Nd4 25. Nxd4 Bxd4 26. Kg1 Qg5 27. Qxg5 hxg5 28. Ne7+ Kg7 29.
Nxg6 fxg6 30. Rxe8 Bxf2+ 31. Kh2 Rxe8 32. g3 Re3 33. Kg2 Bxg3 34. Ra3 Rxa3 35. bxa3 Be1 36. a6 bxa6 37. Kf3 Kf6 38. Ke4 g4 39. Bg2 g3 40.
Kf4 Bf2 41. Ke4 Ke6 42. a4 Kd6 43. Bf3 Kc6 44. Kd3+ Kd6 45. Ke4 Ke6 46. Bg2 Kf6 47.
Kf4 Be1 48. Ke4 Kg5 49. Ke5 Bf2 50. Ke4 Kg4 51. Ke5 Bd4+ 52. Ke4 a5 53. Bf1 g2 54.
Bxg2 Kg3 55. Bf3 g5 56. Bh5 Kh4 57. Be8 g4 58. Bd7 g3 59. Kf3 Bf2 60. Be6 Kg5 61. Bh3 Kh5 62. Bg2 Kg5 63. Ke4 Kg4 64. Ke5 Bg1 65.
Ke4 Bd4 66. Bf1 Kh4 1/2-1/2

[Event "Early-Titled-Tuesday-Blitz-February-20-2024"]
[Site "Chess.com"]
[Date "2024.02.20"]
[Round "6"]
[White "N_Mullodzhanov"]
[Black "Orest_Vovk"]
[Result "0-1"]
[WhiteElo "2482"]
[BlackElo "2659"]
[TimeControl "180+1"]
[EndTime "9:09:54 PST"]
[Termination "Orest_Vovk won by checkmate"]

1. e4 g5 2. d4 g4 3. Nc3 Bg7 4. Be3 d6 5. Qd2 c6 6. f3 h5 7.
O-O-O Qa5 8. Kb1 Be6 9. Nge2 b5 10. d5 cxd5 11. Nxd5 Qxd2 12. Rxd2 Bxd5 13. Rxd5 a6 14. fxg4 Nf6 15. Bd4 Nxd5 16. Bxg7 Rh7 17. exd5 Rxg7 18. gxh5 Rg5 19. Nf4 Nd7 20. Be2 Nf6 21. h4 Rf5 22. g3 Kd7 23. b3 Rg8 24. Bd3 Re5 25. h6 Rh8 26. h7 Nxh7 27. Bxh7 Rxh7 28. c4 Re3 29. Rg1 bxc4 30. bxc4 Rg7 31. Nh5 Rg4 32. Kc2 Rxc4+ 33. Kd2 Ra3 34. g4 Rxa2+ 35. Ke3 Ra3+ 36. Kd2 Raa4 37. g5 Rxh4 38. Ng3 Rhg4 39.
Kc3 Ra3+ 40. Kb2 Rgxg3 41. Rf1 Raf3 42. Re1 Rxg5 43. Rd1 Rff5 44. Rc1 Rxd5 45. Ra1 Ra5 46. Rb1 Rgb5+ 47. Kc2 Rxb1 48. Kxb1 f5 49. Kc2 f4 50. Kd3 e5 51. Ke4 Rc5 52. Kf5 a5 53. Ke4 a4 54. Kf5 a3 55. Ke4 a2 56. Kf5 a1=R 57. Ke4 Ra4+ 58. Kf5 f3 59. Kg5 f2 60. Kf5 f1=R+ 61. Kg5 e4+ 62. Kg4 e3+ 63. Kg3 e2 64. Kg2 e1=R 65. Kg3 d5 66. Kg2 d4 67. Kg3 d3 68.
Kg2 d2 69. Kg3 d1=R 70. Kg2 Re2+ 71. Kg3 Rd3# 0-1

[Event "Early-Titled-Tuesday-Blitz-February-20-2024"]
[Site "Chess.com"]
[Date "2024.02.20"]
[Round "6"]
[White "ContrVersia"]
[Black "Kunalm64"]
[Result "1-0"]
[WhiteElo "2838"]
[BlackElo "2532"]
[TimeControl "180+1"]
[EndTime "9:09:56 PST"]
[Termination "ContrVersia won by resignation"]

1. Nf3 Nf6 2. c4 e6 3. g3 d5 4. Bg2 Be7 5. O-O O-O 6. b3 d4 7. e3 c5 8. exd4 cxd4 9. Re1 Nc6 10. Bb2 a5 11. Na3 Re8 12. Nb5 Bc5 13. Ne5 Qb6 14. Nd3 e5 15. Nxc5 Qxc5 16. Ba3 Nb4 17. Qf3 Bd7 18. Qxb7 Rab8 19. Qf3 Bxb5 20. cxb5 Qxb5 21. Rec1 e4 22. Qd1 Nd3 23. Rc4 Qf5 24. Qe2 Ng4 25. Rxd4 Ngxf2 26. Rf1 Qe5 27. Qe3 Rbd8 28. Rxd8 Rxd8 29. Qa7 Qd4 30. Qxd4 Rxd4 31.
Be7 f5 32. Bg5 Ng4 33. Rxf5 h6 34. Be3 Nxe3 35. dxe3 Rb4 36. Rxa5 Nc1 37. Ra8+ Kh7 38. Kf2 Kg6 39. Ke1 Nd3+ 40. Kd2 Ne5 41. Ra4 Rxa4 42.
bxa4 Kf5 43. Kc3 Nc6 44. Kc4 Ke5 45. Kb5 Ne7 46. a5 Nd5 47. a6 Kd6 48. a7 Nc3+ 49.
Kb6 Na4+ 50. Kb7 Nc5+ 51. Kc8 Na4 52. a8=Q Nb6+ 53. Kb7 Nxa8 54. Kxa8 Kc5 55. Bxe4 1-0

[Event "Early-Titled-Tuesday-Blitz-February-20-2024"]
[Site "Chess.com"]
[Date "2024.02.20"]
[Round "6"]
[White "TitarovVasiliYouTube"]
[Black "Heinza9"]
[Result "1-0"]
[WhiteElo "2526"]
[BlackElo "2306"]
[TimeControl "180+1"]
[EndTime "9:09:56 PST"]
[Termination "TitarovVasiliYouTube won on time"]

1. a3 e5 2. c4 f5 3. Nc3 Nf6 4. b4 g6 5. Bb2 Bg7 6. g3 O-O 7.
Bg2 d6 8. d3 c6 9. e3 d5 10.
cxd5 cxd5 11. Nge2 Be6 12. O-O Nc6 13. Na4 e4 14. Nc5 Qe7 15. Nf4 Bf7 16. Rc1 Rac8 17. Re1 Rfd8 18. Qa4 a6 19. b5 axb5 20. Qxb5 Rc7 21.
Red1 Rdc8 22. Nb3 g5 23. Bxf6 Bxf6 24. Nxd5 Bxd5 25. Qxd5+ Kh8 26. dxe4 fxe4 27. Qxe4 Qxa3 28. Qe6 Qe7 29. Qxe7 Bxe7 30. Bh3 Rf8 31. Nc5 Bxc5 32.
Rxc5 Rcf7 33. Rc2 h5 34. Bg2 Ne5 35. Rd5 Re7 36. Rcc5 Ng4 37. Rxg5 Nxf2 38. Rxh5+ Rh7 39. Rxh7+ Kxh7 40. Rc7+ Kh6 41. Rxb7 Ng4 42. Rb6+ Kg7 43. e4 Ne3 44. Rb3 Nc4 45. Rc3 Ne5 46. h3 Rb8 47. Rc2 Rb3 48. Kh2 Kf6 49. Rf2+ Kg7 50. Rf5 Ng6 51.
h4 Rb2 52. Kh3 Ne7 53. Rf4 Ng6 54. Rf1 Ne5 55. Rf5 Nd3 56. h5 Nf2+ 57. Kh4 1-0

[Event "Early-Titled-Tuesday-Blitz-February-20-2024"]
[Site "Chess.com"]
[Date "2024.02.20"]
[Round "6"]
[White "lluiss"]
[Black "pfalcon1949"]
[Result "0-1"]
[WhiteElo "2171"]
[BlackElo "1987"]
[TimeControl "180+1"]
[EndTime "9:09:57 PST"]
[Termination "pfalcon1949 won on time"]

1. Nf3 c5 2. c4 Nc6 3. Nc3 Nf6 4. d4 cxd4 5. Nxd4 g6 6. e4 d6 7. Be2 Bg7 8. Be3 O-O 9. O-O Bd7 10. f3 Nxd4 11.
Bxd4 Bc6 12. Qd2 a5 13. b3 Nd7 14. Be3 Nc5 15. Rab1 e6 16. Rfd1 Be5 17. Qe1 f5 18. exf5 gxf5 19. Bd4 Qf6 20. Bxe5 Qxe5 21. Rbc1 Kh8 22. Bf1 Qf4 23. Qg3 Qxg3 24. hxg3 Rad8 25. Rd2 Rg8 26. Kf2 Rg7 27. Rcd1 Rgd7 28. Re1 Kg7 29.
Bd3 Kf6 30. Bc2 b6 31. Ne2 e5 32. Nc3 Ke6 33. Rh1 Rg8 34. Rh5 Rf7 35. Rd1 e4 36. Rdh1 Rfg7 37. Rh6+ Rg6 38. fxe4 fxe4 39. Ke3 Ke5 40. R1h5+ Rg5 41. Rxh7 Rxh5 42. Rxh5+ Ke6 43. Rh6+ Kd7 44. Rh3 Kc7 45. Bxe4 Nxe4 46. Nxe4 Rg7 47. Rh4 Re7 48. Kd4 b5 49. cxb5 Bxb5 50. Nc3 Bf1 51.
Rh6 Bxg2 52. Rg6 Bf3 53. Nd5+ Bxd5 54. Kxd5 Re3 55. Rg7+ Kb6 56. Kxd6 Re2 57. g4 Rxa2 58. g5 Kb5 59. g6 Rg2 60. Rb7+ Ka6 61. g7 Kxb7 62.
Ke6 Rxg7 0-1

[Event "Early-Titled-Tuesday-Blitz-February-20-2024"]
[Site "Chess.com"]
[Date "2024.02.20"]
[Round "6"]
[White "tetrix83"]
[Black "GeorgiosSouleidis"]
[Result "0-1"]
[WhiteElo "2516"]
[BlackElo "2695"]
[TimeControl "180+1"]
[EndTime "9:10:00 PST"]
[Termination "GeorgiosSouleidis won on time"]

1. Nf3 Nf6 2. g3 g6 3. Bg2 Bg7 4. d4 O-O 5. c4 d6 6. O-O Nc6 7. Nc3 e5 8. dxe5 Nxe5 9. Nxe5 dxe5 10. Bg5 Qxd1 11. Rfxd1 c6 12. Rac1 h6 13. Be3 Re8 14. b4 Ng4 15. Bc5 f5 16. e4 Be6 17. b5 Rec8 18.
bxc6 bxc6 19. Na4 Nf6 20. exf5 gxf5 21. Bd6 e4 22. Nc5 Bf7 23. f3 Re8 24. Na6 Rac8 25.
Nc7 Red8 26. Na6 exf3 27. Bxf3 Ne4 28. Bxe4 fxe4 29. Kf2 h5 30. Nc5 Re8 31. Ke3 Rcd8 32. Bf4 Rxd1 33. Rxd1 Bxc4 34. Rd7 Bf8 35. Nb7 Ba3 36.
Nd6 Bxd6 37. Bxd6 Bxa2 38. Rxa7 Bd5 39. Bc5 Rb8 40. Bd4 Rb3+ 41. Kf4 Rd3 42. Be5 Kf8 43. Kf5 Ke8 44. Bf4 Kd8 45. Ra1 Kc8 46. Re1 Kb7 47.
h3 Ka6 48. g4 hxg4 49. hxg4 Ra3 50. g5 Ra2 51. g6 Rg2 52. Be5 Kb5 53. g7 Kc4 54. Rc1+ Kd3 55. Rc3+ Kd2 56. Ra3 e3 57. Bf4 Rf2 58. Ke5 Rf3 0-1

[Event "Early-Titled-Tuesday-Blitz-February-20-2024"]
[Site "Chess.com"]
[Date "2024.02.20"]
[Round "6"]
[White "gpsji27"]
[Black "Barmen_EV"]
[Result "1-0"]
[WhiteElo "2318"]
[BlackElo "2506"]
[TimeControl "180+1"]
[EndTime "9:10:00 PST"]
[Termination "gpsji27 won by checkmate"]

1. d4 Nf6 2. Nf3 g6 3. Nc3 Bg7 4. e4 d6 5. h3 O-O 6. Be3 e5 7. dxe5 dxe5 8. Qxd8 Rxd8 9. Nxe5 Nxe4 10. Nxe4 Bxe5 11.
c3 Bf5 12. Nd2 Nc6 13. Bc4 Ne7 14. O-O Nd5 15. Nf3 Nxe3 16. fxe3 Bd6 17. Ng5 Bc5 18.
Rae1 Rd7 19. Nxf7 Kg7 20. g4 Bd3 21. Ne5 Bxf1 22. Nxd7 Bxc4 23. Nxc5 Bxa2 24. Ra1 Bd5 25. e4 Bc6 26. Ne6+ Kf6 27. Nxc7 Rc8 28. Nd5+ Ke5 29.
Rxa7 Rf8 30. Nb6 Kxe4 31. Ra1 Ke3 32. Re1+ Kd2 33. Rf1 Re8 34. Nc4+ Kd3 35. Nd6 Re2 36. Rf2 Re1+ 37. Kh2 h5 38. gxh5 gxh5 39. Nf5 Ke4 40. Ng3+ Ke3 41. Rf1 Rxf1 42. Nxf1+ Kd3 43. Ng3 Be8 44.
Nf5 Kc2 45. Nd6 Bc6 46. Nc4 b5 47. Ne5 Be8 48. c4 b4 49. c5 Kxb2 50. c6 Bxc6 51. Nxc6 b3 52. Nd4 Kc3 53. Nxb3 Kxb3 54. Kg3 Kc4 55.
Kh4 Kd5 56. Kxh5 Ke6 57. Kg6 Ke7 58. Kg7 Ke6 59. h4 Kf5 60. h5 Kg5 61. h6 Kf5 62.
h7 Ke5 63. h8=Q Kd5 64. Kf7 Kc5 65. Qf6 Kc4 66. Qd6 Kc3 67. Qd5 Kc2 68. Qd4 Kc1 69.
Qd3 Kb2 70. Qc4 Ka1 71. Qb4 Ka2 72. Ke6 Ka1 73. Kd5 Ka2 74. Kd4 Ka1 75. Kc4 Ka2 76. Kc3 Ka1 77. Qb2# 1-0

[Event "Early-Titled-Tuesday-Blitz-February-20-2024"]
[Site "Chess.com"]
[Date "2024.02.20"]
[Round "6"]
[White "DarkAlekhine"]
[Black "Alexchess1984"]
[Result "1/2-1/2"]
[WhiteElo "2840"]
[BlackElo "2649"]
[TimeControl "180+1"]
[EndTime "9:10:02 PST"]
[Termination "Game drawn by repetition"]

1. e4 c5 2. Nf3 Nc6 3. Bb5 d6 4. Bxc6+ bxc6 5. O-O Bg4 6. d3 Nf6 7. Nbd2 e6 8. h3 Bh5 9. b3 Be7 10. Bb2 O-O 11. g4 Bg6 12. Ne1 Nd7 13. Ng2 e5 14. f4 exf4 15. Nxf4 Bf6 16. Bxf6 Qxf6 17. Qe2 Qe7 18. Rae1 Rae8 19. Qh2 Ne5 20. Qg3 h6 21. Nf3 Bh7 22. Nxe5 Qxe5 23. Re2 d5 24. exd5 Qd4+ 25.
Qf2 Rxe2 26. Qxd4 cxd4 27. Nxe2 c5 28. Re1 Rd8 29. Nf4 Kf8 30. Re5 Rd6 31. Kg2 Bg8 32. Kg3 g5 33. Nh5 f6 34. Re2 Bxd5 35. Kf2 Kf7 36.
Ng3 Re6 37. Nf5 Rxe2+ 38. Kxe2 h5 39. Kf2 hxg4 40. hxg4 Be6 41. Kf3 Bxf5 42. gxf5 Ke7 43. Ke4 Kd6 44. a3 a5 45. a4 Kc6 46. Kf3 Kd5 47. Kg3 Kd6 48. Kf3 Kc6 49. Kg3 Kd5 50. Kf3 Ke5 51. Kg4 Kd6 52. Kf3 g4+ 53. Kg3 Kd5 54. Kf4 Kd6 55. Kg3 Kd5 56. Kh4 Kd6 57. Kg3 1/2-1/2

[Event "Early-Titled-Tuesday-Blitz-February-20-2024"]
[Site "Chess.com"]
[Date "2024.02.20"]
[Round "6"]
[White "Mops_2004"]
[Black "LiadCuba"]
[Result "1-0"]
[WhiteElo "2725"]
[BlackElo "2518"]
[TimeControl "180+1"]
[EndTime "9:10:03 PST"]
[Termination "Mops_2004 won by checkmate"]

1. g3 d5 2. Nf3 Nf6 3. Bg2 c5 4. O-O Nc6 5. d4 e6 6. c4 dxc4 7. Qa4 Bd7 8. Qxc4 b5 9. Qd3 c4 10. Qd1 Be7 11. Bf4 O-O 12. a3 Rc8 13. Nc3 Qb6 14.
e4 Rfd8 15. d5 exd5 16. e5 Ne4 17. Nxd5 Qc5 18. Be3 Be6 19. Bxc5 Bxc5 20. Nd2 Bxd5 21. Nxe4 Bxe4 22. Bxe4 Rxd1 23. Raxd1 Nxe5 24. Rd5 f6 25. Bf5 Rc7 26. Kg2 g6 27. Be4 Kf7 28. h3 Be7 29. f4 Nd7 30. Rxb5 Nb6 31. Rc1 f5 32. Bd5+ Kf6 33. Kf3 h5 34. Rc2 Bf8 35. a4 Nxd5 36. Rxd5 Bb4 37. Rd4 a5 38. Rcxc4 Re7 39. Rxb4 axb4 40.
Rxb4 Re1 41. Rb6+ Kf7 42. h4 Ra1 43. b3 Rf1+ 44. Ke2 Rg1 45. Kf2 Ra1 46. Rb5 Ke6 47.
a5 Ra2+ 48. Kf3 Ra1 49. b4 Ra3+ 50. Kg2 Ra2+ 51. Kh3 Kd6 52. Rb6+ Kd5 53. Rxg6 Ke4 54. Rc6 Ra3 55. a6 Kf3 56. b5 Ra1 57. Rc3+ Kf2 58. Kh2 Ra2 59. Rc1 Kf3+ 60. Kh3 Kf2 61. Rb1 Ra3 62.
Kh2 Ra2 63. b6 Kf3+ 64. Kh3 Ra3 65. b7 Kf2 66. Rb2+ Kg1 67. b8=Q Ra1 68. Qb6+ Kh1 69.
Qc6+ Kg1 70. Qg2# 1-0

[Event "Early-Titled-Tuesday-Blitz-February-20-2024"]
[Site "Chess.com"]
[Date "2024.02.20"]
[Round "6"]
[White "komogro"]
[Black "Supergiuly"]
[Result "1-0"]
[WhiteElo "2527"]
[BlackElo "2314"]
[TimeControl "180+1"]
[EndTime "9:10:04 PST"]
[Termination "komogro won by checkmate"]

1. e4 a6 2. d4 e6 3. Nc3 g6 4. g3 Bg7 5. Bg2 Ne7 6. Be3 O-O 7.
Qd2 d5 8. Nge2 dxe4 9. Nxe4 Nbc6 10. O-O Nf5 11. c3 Nxe3 12. Qxe3 e5 13. dxe5 Nxe5 14. Rad1 Qe7 15. Qc5 Qxc5 16. Nxc5 Bg4 17. f3 Be6 18. Nxe6 fxe6 19. Nd4 Nc4 20. Nxe6 Rf7 21. Nxg7 Rxg7 22.
Rf2 Re7 23. f4 c6 24. Bf1 Ne3 25. Re1 Rae8 26. Rfe2 Kf7 27. Bh3 Kf6 28. Bc8 a5 29.
Bxb7 Rxb7 30. Rxe3 Rxe3 31. Rxe3 Rxb2 32. Rd3 Ke6 33. a4 c5 34. Kf1 Rxh2 35. Rd8 Ra2 36. Rh8 Rxa4 37. Rxh7 Ra3 38. Rg7 Kf6 39. Ra7 Rxc3 40.
Kf2 Ra3 41. Rc7 Rc3 42. g4 a4 43. Rc6+ Kg7 44. Ra6 a3 45. g5 Kf7 46. Ke2 Rb3 47. Rf6+ Kg7 48. Rc6 a2 49. Ra6 Rb2+ 50. Kd3 Rf2 51.
Ke4 Rc2 52. Ra7+ Kf8 53. Ke5 Re2+ 54. Kf6 c4 55. Kxg6 c3 56. f5 c2 57. Rxa2 c1=Q 58. Rxe2 Qc6+ 59. Re6 Qg2 60. Rf6+ Ke8 61. Re6+ Kf8 62.
Kf6 Kg8 63. Re8+ Kh7 64. g6+ Kh6 65. Rh8# 1-0

[Event "Early-Titled-Tuesday-Blitz-February-20-2024"]
[Site "Chess.com"]
[Date "2024.02.20"]
[Round "6"]
[White "fighter2jz"]
[Black "TigrVShlyape"]
[Result "1-0"]
[WhiteElo "2790"]
[BlackElo "2910"]
[TimeControl "180+1"]
[EndTime "9:10:06 PST"]
[Termination "fighter2jz won on time"]

1. e4 e5 2. Nf3 Nc6 3. Bb5 Nf6 4. Nc3 Nd4 5. Bc4 Bc5 6. O-O d6 7. h3 Be6 8. Bxe6 Nxe6 9. d3 a6 10. Be3 Bxe3 11. fxe3 O-O 12. Qe1 Nd7 13. Qg3 b5 14.
Rf2 b4 15. Ne2 Kh8 16. Raf1 Qe7 17. Nh4 g6 18. Qg4 Ng7 19. d4 Kg8 20. d5 Kh8 21. Ng3 a5 22. Ne2 a4 23. Rf3 Rab8 24. R3f2 Rbc8 25. c3 bxc3 26. Nxc3 Ra8 27. Nf3 f5 28. exf5 Nxf5 29. Re1 Nc5 30. Qc4 Rfb8 31. e4 Ng3 32. Nd2 Nh5 33. Ref1 Nf4 34. Ne2 Ncd3 35. Nxf4 Nxf4 36.
Qc3 Kg8 37. Kh2 Nh5 38. Nc4 Rf8 39. Na5 Rxf2 40. Rxf2 Qh4 41. Qf3 Qf4+ 42. Qxf4 exf4 43. Nc6 Re8 44. Rf3 Rxe4 45. b3 axb3 46. Rxb3 Re2 47. a4 Ra2 48. a5 Ng3 49. Rb4 g5 50. h4 h6 51. hxg5 hxg5 52. Kh3 Kf7 53. Rb7 Kg6 54. Rxc7 Ra1 55. Kg4 Rh1 56. Rd7 1-0

[Event "Early-Titled-Tuesday-Blitz-February-20-2024"]
[Site "Chess.com"]
[Date "2024.02.20"]
[Round "6"]
[White "aistrel"]
[Black "David_George21"]
[Result "1-0"]
[WhiteElo "2528"]
[BlackElo "2319"]
[TimeControl "180+1"]
[EndTime "9:10:06 PST"]
[Termination "aistrel won by checkmate"]

1. d4 Nf6 2. Nc3 d5 3. Bf4 a6 4.
e3 e6 5. g4 b5 6. g5 Nfd7 7.
h4 c5 8. a3 Nc6 9. Nf3 Qb6 10.
h5 Be7 11. Bg2 Bb7 12. g6 hxg6 13. hxg6 Rxh1+ 14. Bxh1 f6 15. Bg2 O-O-O 16. Bh3 Nf8 17. dxc5 Qxc5 18. Nd4 f5 19. Nxf5 exf5 20. Bxf5+ Nd7 21.
Qxd5 Na7 22. Qxc5+ Bxc5 23. O-O-O Bc6 24. Be5 Rf8 25. e4 Rxf5 26. exf5 Nxe5 27. Nd5 Nc4 28. f6 Bf8 29. Ne7+ Kc7 30. Nf5 gxf6 31. g7 Bxg7 32.
Nxg7 Ne5 33. Nh5 f5 34. Ng7 f4 35. Ne6+ Kb6 36. Nxf4 Nc4 37. Nd5+ Kc5 38. Ne7 Bf3 39. Rd3 Be2 40. Rd5+ Kb6 41. f4 Nc8 42. Nxc8+ Kc7 43.
Ne7 Bf3 44. Rd4 Nd6 45. Nd5+ Kc6 46. Nb4+ Kc5 47. Rxd6 Kxd6 48. Nxa6 Ke6 49. Nc7+ Kf5 50. Nxb5 Kxf4 51. Kd2 Ke5 52. Kc3 Bc6 53. Kb4 Kd5 54. Nc3+ Kd6 55. Ka5 Bf3 56. Kb6 Bg4 57. Nb5+ Kd7 58. c4 Kc8 59. c5 Kb8 60. c6 Bh3 61.
c7+ Ka8 62. Nd6 Bc8 63. b4 Bb7 64. c8=Q+ Bxc8 65. Nxc8 Kb8 66. Nd6 Ka8 67. a4 Kb8 68. a5 Ka8 69. a6 Kb8 70. Ka5 Ka8 71. b5 Ka7 72. b6+ Kb8 73. b7 Ka7 74. Kb5 Kb8 75. Kc6 Ka7 76. Kc7 Kxa6 77. b8=Q Ka5 78. Qb5# 1-0

[Event "Early-Titled-Tuesday-Blitz-February-20-2024"]
[Site "Chess.com"]
[Date "2024.02.20"]
[Round "6"]
[White "JiaHaoxiang"]
[Black "NastyaHn"]
[Result "1-0"]
[WhiteElo "2627"]
[BlackElo "2436"]
[TimeControl "180+1"]
[EndTime "9:10:07 PST"]
[Termination "JiaHaoxiang won on time"]

1. d4 d5 2. Bf4 c5 3. e3 Nc6 4. c3 Nf6 5. Nd2 e6 6. Ngf3 Nh5 7. Be5 Nxe5 8. dxe5 g6 9. Be2 Be7 10. O-O O-O 11. Ne1 Ng7 12. f4 Nf5 13. Rf3 d4 14. exd4 cxd4 15. Nf1 Qb6 16. Qb3 Bc5 17. Kh1 dxc3 18.
Rxc3 Nd4 19. Qxb6 Bxb6 20. Bd3 Bd7 21. Be4 Bc6 22. Bxc6 Nxc6 23. Ng3 Rfd8 24. Ne4 Rd4 25. Nf6+ Kg7 26. g3 Rad8 27. Nf3 Rd1+ 28. Rxd1 Rxd1+ 29. Kg2 Rb1 30. Rc2 Rd1 31. Ne8+ Kf8 32. Nd6 Nd8 33. Ng5 h6 34. Nge4 Ke7 35. Nc8+ Kf8 36. Nxb6 axb6 37. Nd6 Nc6 38. Nxb7 Nd4 39. Rf2 Nf5 40. Re2 Ke7 41. h3 Rd7 42. Nd6 Nxd6 43. exd6+ Rxd6 44. Kf3 f5 45. Rc2 Kf6 46. Ke3 g5 47. Rc8 Rd1 48. Rf8+ Kg7 49. Rb8 Rg1 50. Kf2 Rh1 51.
Kg2 Rc1 52. Rxb6 Kf6 53. Kf3 Rf1+ 54. Ke2 Rg1 55. Kf2 Rh1 56. fxg5+ hxg5 57. a4 Rxh3 58.
a5 Rh2+ 59. Kf3 g4+ 60. Ke3 Rg2 61. a6 Rxg3+ 62. Kf2 Rh3 63. a7 g3+ 64. Kg2 Rh8 65.
Rb8 1-0

[Event "Early-Titled-Tuesday-Blitz-February-20-2024"]
[Site "Chess.com"]
[Date "2024.02.20"]
[Round "6"]
[White "zverr1"]
[Black "Hope_6"]
[Result "1-0"]
[WhiteElo "2548"]
[BlackElo "2762"]
[TimeControl "180+1"]
[EndTime "9:10:07 PST"]
[Termination "zverr1 won by checkmate"]

1. e4 c6 2. d4 d5 3. Nc3 dxe4 4. Nxe4 Nf6 5. Nxf6+ exf6 6. Bc4 Bd6 7. Qe2+ Be7 8.
Nf3 O-O 9. Be3 Bg4 10. h3 Bh5 11. g4 Bg6 12. Bd3 c5 13. Bxg6 hxg6 14. dxc5 Qa5+ 15. c3 Bxc5 16. b4 Qa3 17. Bxc5 Qxc3+ 18. Kf1 Rc8 19. Kg2 Nd7 20. Rac1 Qa3 21. Rhd1 Nxc5 22. bxc5 Rxc5 23.
Qe7 b6 24. Rxc5 bxc5 25. Rd7 Rf8 26. Rxa7 Qb4 27. Rc7 Qa3 28. Rxc5 Qxa2 29. Rc7 f5 30. g5 Qa8 31. Rd7 f4 32. h4 Qb8 33. Rb7 Qc8 34. Ne5 f3+ 35. Kxf3 Qc3+ 36. Kf4 Qd4+ 37. Kg3 Qc3+ 38.
Nf3 Qc8 39. Rd7 Qb8+ 40. Qd6 Qe8 41. Re7 Qa8 42. Rd7 Qe8 43. Qe7 Qa8 44. Ne5 Qb8 45. Kg4 Qb1 46. Nxf7 Qf5+ 47. Kg3 Rxf7 48. Qxf7+ Qxf7 49. Rxf7 Kxf7 50. Kf4 Ke6 51. Ke4 Kd6 52. h5 Ke6 53.
hxg6 Ke7 54. Ke5 Kd7 55. Kf5 Ke7 56. Ke5 Kd7 57. f3 Ke7 58. f4 Kd7 59. f5 Ke7 60.
f6+ gxf6+ 61. gxf6+ Kf8 62. Ke6 Kg8 63. g7 Kh7 64. Kf7 Kh6 65. g8=Q Kh5 66. Qg3 Kh6 67. Qh4# 1-0

[Event "Early-Titled-Tuesday-Blitz-February-20-2024"]
[Site "Chess.com"]
[Date "2024.02.20"]
[Round "6"]
[White "Attacker_2006"]
[Black "Ezov"]
[Result "1-0"]
[WhiteElo "2385"]
[BlackElo "2171"]
[TimeControl "180+1"]
[EndTime "9:10:10 PST"]
[Termination "Attacker_2006 won by checkmate"]

1. e4 e6 2. Nf3 d5 3. exd5 exd5 4.
d4 Bg4 5. h3 Bh5 6. Bf4 Bd6 7.
Bxd6 Qxd6 8. Be2 Nc6 9. c3 O-O-O 10. Nbd2 Nge7 11. Qa4 Qe6 12. Kd1 f6 13. Re1 Qd6 14.
b4 Be8 15. b5 Nb8 16. Qxa7 Bg6 17. a4 c5 18. Qxc5+ Qxc5 19. dxc5 Nf5 20. Nd4 Rhe8 21.
Bg4 Rxe1+ 22. Kxe1 Re8+ 23. Kf1 Re5 24. Re1 Nd7 25. Rxe5 Nxd4 26. Rxd5 f5 27. cxd4 fxg4 28. hxg4 Nf6 29. Rd6 Nxg4 30. Nc4 Bd3+ 31. Ke1 Bxc4 32. c6 bxc6 33. Rxc6+ Kb7 34. Rxc4 Nf6 35. Rc6 Ne4 36. a5 g5 37. f3 Ng3 38. Rh6 Nf5 39. Rxh7+ Kb8 40. d5 Ne3 41. Rg7 Nxg2+ 42. Kf2 Nf4 43.
Ke3 Nxd5+ 44. Kd4 Nc7 45. Rf7 Nxb5+ 46. Kc5 Nc3 47. Kc6 g4 48. fxg4 Ne4 49. Rg7 Nf6 50.
g5 Nh5 51. Rh7 Nf4 52. Rh8+ Ka7 53. Rg8 Ne6 54. g6 Nd4+ 55. Kc7 Nf5 56. g7 Ne7 57. Re8 Nd5+ 58. Kd6 Nf6 59. g8=Q Nxg8 60. Rxg8 Ka6 61. Kc5 Kb7 62. Rg6 Ka7 63. Kb5 Kb7 64. a6+ Ka7 65. Rg7+ Ka8 66. Kb6 Kb8 67. Rg8# 1-0

[Event "Early-Titled-Tuesday-Blitz-February-20-2024"]
[Site "Chess.com"]
[Date "2024.02.20"]
[Round "6"]
[White "Akylbek2021"]
[Black "Chess4always"]
[Result "1-0"]
[WhiteElo "2276"]
[BlackElo "1987"]
[TimeControl "180+1"]
[EndTime "9:10:11 PST"]
[Termination "Akylbek2021 won by resignation"]

1. e4 c6 2. Nf3 d5 3. d3 dxe4 4. Ng5 Bf5 5. dxe4 Qxd1+ 6. Kxd1 Bg6 7. f3 h6 8. Nh3 e5 9. Be3 Nd7 10. c3 Bc5 11. Bxc5 Nxc5 12. Kc2 O-O-O 13. Nd2 f6 14. Bc4 Ne7 15. a4 Kc7 16. b4 Nd7 17. Rhd1 Nb6 18.
Bb3 Nec8 19. a5 Nd7 20. Nc4 Nf8 21. Rxd8 Kxd8 22. a6 b6 23. Nf2 Bf7 24. h4 Kc7 25.
Nd3 Ne6 26. g3 Rd8 27. Rd1 Nf8 28. Ne3 Bxb3+ 29. Kxb3 Nd6 30. h5 Ne6 31. Nb2 Ng5 32.
Rf1 Nb5 33. Nf5 Rd7 34. Nc4 Ne6 35. Nce3 Rd3 36. Rc1 Nbd4+ 37. Kc4 Ne2 38. Rc2 Rxe3 39. Nxe3 Nxg3 40. Rg2 Nxh5 41. Nf5 Nhf4 42. Rg3 Nh5 43. Rg1 b5+ 44. Kb3 Kb6 45. Ra1 c5 46. Ne3 c4+ 47.
Kc2 Nhf4 48. Nd5+ Nxd5 49. exd5 Nf4 50. Rg1 g5 51. Rh1 h5 52. Rd1 Kc7 53. Ra1 Nxd5 54. Ra5 Kb6 55. Ra1 h4 56. Kd2 Nf4 57. Ke3 h3 58.
Ke4 Nd3 59. Kf5 Nf2 60. Kxf6 h2 61. Kxg5 h1=Q 62. Rxh1 Nxh1 63. Kf5 Kxa6 64. Kxe5 Ng3 65. f4 Ne2 66. f5 Ng3 67. f6 Ne4 68. Kxe4 1-0

[Event "Early-Titled-Tuesday-Blitz-February-20-2024"]
[Site "Chess.com"]
[Date "2024.02.20"]
[Round "6"]
[White "Carlitus2004"]
[Black "RedFirePanda"]
[Result "1-0"]
[WhiteElo "2384"]
[BlackElo "2549"]
[TimeControl "180+1"]
[EndTime "9:10:12 PST"]
[Termination "Carlitus2004 won by resignation"]

1. e4 d5 2. Nc3 dxe4 3. Nxe4 Nf6 4. Nxf6+ exf6 5. Bc4 Bd6 6. Qe2+ Be7 7. Nf3 O-O 8. O-O Re8 9. Re1 c6 10. d4 Bg4 11. c3 Nd7 12. h3 Bh5 13. Bf4 Nb6 14. Bd3 Qd7 15. Qd1 Nd5 16. Bh2 Bd6 17. Be2 Bxh2+ 18. Nxh2 Bg6 19. Bg4 Qd6 20. Qd2 Qf4 21.
Qxf4 Nxf4 22. b3 Nd3 23. Rxe8+ Rxe8 24. Nf1 f5 25. Bf3 f4 26. Nd2 Ne1 27. Kf1 Bd3+ 28. Kg1 Nxf3+ 29. Nxf3 Re2 30. Re1 Rxe1+ 31. Nxe1 Be4 32.
Kf1 Kf8 33. Ke2 Ke7 34. f3 Bf5 35. Nd3 Bxd3+ 36. Kxd3 Ke6 37. Ke4 g5 38. c4 f5+ 39.
Kd3 h5 40. Kc3 Kd6 41. b4 Ke6 42. Kd3 Kd6 43. a3 Ke6 44. Kc3 Kd6 45. Kb3 Ke6 46.
a4 Kd6 47. b5 Ke6 48. Kb4 cxb5 49. Kxb5 Kd6 50. a5 Kc7 51. a6 b6 52. c5 bxc5 53. Kxc5 Kd7 54. d5 g4 55. d6 gxh3 56. gxh3 h4 57.
Kd5 Kd8 58. Ke6 Ke8 59. Kxf5 Kd7 60. Ke5 Kd8 61. Kxf4 Kd7 62. Ke5 Kd8 63. Kd5 Kd7 64.
f4 Kd8 65. Ke6 Ke8 66. f5 Kd8 67. f6 Ke8 68. f7+ Kf8 69. d7 1-0

[Event "Early-Titled-Tuesday-Blitz-February-20-2024"]
[Site "Chess.com"]
[Date "2024.02.20"]
[Round "6"]
[White "ChessBliss09"]
[Black "ProChessWICTH"]
[Result "0-1"]
[WhiteElo "2159"]
[BlackElo "2475"]
[TimeControl "180+1"]
[EndTime "9:10:15 PST"]
[Termination "ProChessWICTH won by checkmate"]

1. c4 Nf6 2. Nc3 c5 3. Nf3 g6 4. g3 Bg7 5. Bg2 O-O 6. O-O Nc6 7. d4 cxd4 8. Nxd4 a6 9. e4 d6 10. Be3 Bd7 11. Rc1 Rc8 12. b3 Nxd4 13. Bxd4 b5 14. cxb5 axb5 15. Qd3 Qa5 16. Bxf6 Bxf6 17. Nd5 Rxc1 18.
Rxc1 Qxa2 19. Nxf6+ exf6 20. Qxd6 Be6 21. b4 Qb2 22.
Rd1 Bc4 23. h4 Re8 24. h5 Be2 25. Rd5 Qc1+ 26. Kh2 Bxh5 27. Qxf6 Be2 28. Qh4 Kg7 29. e5 Bc4 30. Rc5 Qe1 31. Qf6+ Kg8 32. Bd5 Bxd5 33. Rxd5 Qxb4 34. Rd7 Qc4 35. Rb7 b4 36. Qb6 Rxe5 37. Qxb4 Qf1 38. Rb8+ Kg7 39. Qd4 Qe2 40. Rb5 Qh5+ 41.
Kg2 f6 42. Rxe5 Qxe5 43. Qd7+ Kh6 44. Qh3+ Qh5 45. Qd7 Qg5 46. Qd3 f5 47. Qd7 Qf6 48. Qc7 g5 49. Qc5 Kg6 50. Qc3 Qe6 51. Qd3 Qe4+ 52.
Qxe4 fxe4 53. Kf1 Kf5 54. Ke2 h5 55. Ke3 Ke5 56. Ke2 Kd4 57. f3 exf3+ 58. Kxf3 Kd3 59. Kg2 Ke3 60. Kh3 Kf3 61. Kh2 g4 62.
Kg1 Kxg3 63. Kh1 Kh3 64. Kg1 g3 65. Kh1 h4 66. Kg1 g2 67. Kf2 Kh2 68. Kf3 g1=Q 69. Kf4 Qg3+ 70. Kf5 Kg2 71. Ke6 h3 72. Kf6 h2 73.
Kf5 h1=Q 74. Kf6 Qf1+ 75. Ke6 Qe3+ 76. Kd6 Qd1+ 77. Kc6 Qc3+ 78. Kb6 Qb1+ 79. Ka6 Qca1# 0-1